 Dungeon Crawl Stone Soup version 0.16.0-11-gd45b091 (webtiles) character file.

154 maniek23 the Charmwright (level 5, 0/39 HPs)
             Began as a Vampire Skald on Mar 17, 2015.
             Slain by a quokka (3 damage)
             ... on level 3 of the Dungeon.
             The game lasted 00:09:33 (3041 turns).

maniek23 the Charmwright (Vampire Skald)            Turns: 3041, Time: 00:09:33

Health: 0/39       AC:  3    Str: 11    XL:     5   Next: 13%
Magic:  9/9        EV: 12    Int: 14    God:
Gold:   132        SH:  0    Dex: 14    Spells: 2 memorised, 5 levels left

rFire  . . .     SeeInvis +     a - +0 short sword
rCold  . . .     Clarity  .     b - +0 leather armour
rNeg   + . .     SustAb   .     (no shield)
rPois  .         Gourm    .     (no helmet)
rElec  .         Spirit   .     (no cloak)
rCorr  .         Warding  .     (no gloves)
rMut   .         Stasis   .     (no boots)
MR     .....                    (no amulet)
Stlth  ++........               (no ring)
                                (no ring)

@: not resistant to hostile enchantments, unstealthy
A: bottle blood, fangs 3, see invisible, unbreathing
a: Bat Form


You were on level 3 of the Dungeon.
You were not thirsty.

You visited 1 branch of the dungeon, and saw 3 of its levels.

You collected 132 gold pieces.

Inventory:

Hand weapons
 a - a +0 short sword (weapon)
 f - a +0 dagger
 l - a +0 hunting sling
 n - a +0 hunting sling
Armour
 b - a +0 leather armour (worn)
Scrolls
 g - 2 scrolls of teleportation {unknown}
 h - a scroll of remove curse {unknown}
 k - 3 scrolls of identify {unknown}
Potions
 d - 7 potions of blood
 e - a potion of invisibility {unknown}
 i - a potion of mutation {unknown}
 j - a potion of brilliance {unknown}
 m - a potion of curing {unknown}
Books
 c - a book of Battle

   Spells                             Type                      Level
   a - Infusion                       Charms                       1
   b - Shroud of Golubria             Charms/Translocation         2
   c - Song of Slaying                Charms                       2
   d - Spectral Weapon                Hexes/Charms                 3
   e - Regeneration                   Charms/Necromancy            3


   Skills:
 + Level 2.4 Fighting
 + Level 2.9 Short Blades
 + Level 2.0 Armour
 + Level 2.9 Dodging
 + Level 1.4 Stealth
 + Level 2.1 Spellcasting
 + Level 3.8 Charms


You had 5 spell levels left.
You knew the following spells:

 Your Spells              Type           Power        Failure   Level  Hunger
a - Infusion              Chrm           ##....       10%         1    ##.....
b - Shroud of Golubria    Chrm/Tloc      #.........   24%         2    ###....


Dungeon Overview and Level Annotations

Branches:
Dungeon (3/15)

Altars:


Innate Abilities, Weirdness & Mutations

You can bottle blood from corpses.
You have razor-sharp teeth.
You have supernaturally acute eyesight.
You can survive without breathing.


Message History

You start resting.
A quokka comes into view.
A quokka is nearby!
Two of your 9 potions of blood rot away.
You are too injured to fight recklessly!
You are too injured to fight recklessly!
You are too injured to fight recklessly!
You are too injured to fight recklessly!
You hit the quokka.
The quokka is almost dead.
The quokka barely misses you.
You miss the quokka.
The quokka is almost dead.
The quokka bites you.
* * * LOW HITPOINT WARNING * * *
Your leather armour prevents you from hitting the quokka.
You bite the quokka, but do no damage.
The quokka is almost dead.
The quokka barely misses you. The quokka bites you.
You die...

#.##.#...# #.#.###.#####
##.##.##.####...........#
......##..........#.###.#
.#.#.########....##.# #.#####
.#.#.# #.......###.#...# .#.#.#
###.#####.....#.### .....# #.#
#.#...#...# ##.### ##r##
#.#.#.###.# #.# ##..@##
#.#...#...# #.####
##.....###.....#.### #.##.##
#.......# ####...#####
##.#...####.........# #.........#
..........+.........+.......###.#
##.#...####.........###....## #.#
#.##.## ##.......## #.#...# #.#
#.#### ##.....## #.#...###.# #..#
##...## #.........#


You could see a quokka.

Vanquished Creatures
  An orc wizard (D:3)
  4 adders
  2 gnolls
  3 worms
  4 giant geckos
  An orc (D:3)
  3 giant cockroaches
  10 kobolds
  A ball python (D:3)
  7 bats
  4 giant newts
  8 goblins
  4 jackals (D:2)
  5 rats
57 creatures vanquished.

Notes
Turn   | Place    | Note
--------------------------------------------------------------
     0 | D:1      | maniek23, the Vampire Skald, began the quest for the Orb.
     0 | D:1      | Reached XP level 1. HP: 16/16 MP: 3/3
   355 | D:1      | Reached XP level 2. HP: 22/22 MP: 4/4
   957 | D:1      | Reached skill level 1 in Armour
   961 | D:1      | Reached XP level 3. HP: 25/27 MP: 6/6
  1084 | D:1      | You fall through a shaft!
  1437 | D:2      | Learned a level 2 spell: Shroud of Golubria
  1664 | D:2      | Reached XP level 4. HP: 13/33 MP: 7/7
  2601 | D:3      | Reached skill level 1 in Stealth
  2866 | D:3      | Reached XP level 5. HP: 10/39 MP: 9/9
  3041 | D:3      | Slain by a quokka

Action                   |  1- 3 |  4- 6 || total
-------------------------+-------+-------++-------
Melee: Short sword       |   126 |    67 ||   193
 Cast: Infusion          |       |     1 ||     1
 Abil: End Transformatio |       |     2 ||     2
       Bat Form          |       |     2 ||     2
  Use: Potion            |     1 |     1 ||     2
 Stab: Sleeping          |     1 |     1 ||     2
  Eat: Corpse            |     1 |     2 ||     3
